AoeStats
← SunTzu_Player

Black Forest

510249590Analyzed
2v2 RM · 2d ago on Sep 30, 2026· 51m 11s· 4 players
Game mode
Random Map
Map size
Medium (4 player)
Population
200
Speed
Normal
Resources
Standard
Victory
Conquest
Starting age
Dark Age
Ending age
Imperial Age
RankedLock teamsTeams togetherTeam positionsShared explorationLock speedFull tech treeHidden civsTurbo modeCheats
Victory
Defeat
🇲🇽 Malians · Mexico
947
+16
🇵🇪 Burmese · Peru
898
+18
🇵🇪 Slavs · Peru
954
-17
🇦🇷 Koreans · Argentina
947
-17
Tricio 12
0:44 Loom
15:40 Feudal Age
16:59 Double-Bit Axe
19:38 Castle Age
18:46 Gold Mining
19:46 Horse Collar
24:16 Heavy Plow
26:39 Gold Shaft Mining
26:29 Bow Saw
28:56 Wheelbarrow
28:58 Fletching
29:21 Stone Mining
30:20 Treadmill Crane
31:50 Stone Shaft Mining
31:32 Hand Cart
31:44 Ballistics
31:30 Caravan
34:19 Imperial Age
33:04 Bodkin Arrow
34:31 Masonry
36:52 Two-Man Saw
36:06 Town Watch
37:24 Chemistry
36:13 Arrowslits
37:11 Town Patrol
38:00 Bracer
38:06 Scale Barding Armor
40:11 Masonry
40:49 Conscription
41:04 Chain Barding Armor
40:54 Forging
40:39 Pikeman
41:20 Squires
41:55 Architecture
42:00 Crossbowman
42:45 Thumb Ring
42:27 Halberdier
43:15 Scale Mail Armor
45:41 Chain Mail Armor
46:16 Murder Holes
49:52 Iron Casting
49:48 Plate Mail Armor
Zfender
11:59 Feudal Age
12:51 Double-Bit Axe
12:48 Horse Collar
23:34 Castle Age
21:58 Gold Mining
22:02 Stone Mining
22:34 Forging
22:44 Scale Mail Armor
25:14 Bow Saw
25:06 Heavy Plow
25:54 Wheelbarrow
25:44 Squires
25:55 Town Watch
28:19 Hand Cart
30:47 Gold Shaft Mining
29:36 Pikeman
33:03 Iron Casting
32:59 Town Patrol
33:43 Caravan
36:38 Imperial Age
35:22 Masonry
35:28 Chain Mail Armor
36:28 Detinets
38:29 Two-Man Saw
36:54 Capped Ram
37:57 Conscription
38:12 Plate Mail Armor
38:46 Druzhina
38:10 Siege Ram
38:12 Heavy Scorpion
40:48 Blast Furnace
39:28 Halberdier
40:19 Siege Engineers
42:32 Ballistics
43:13 Chemistry
SunTzu_Player
0:56 Loom
15:35 Feudal Age
23:49 Castle Age
23:00 Stone Mining
28:39 Horse Collar
29:07 Fishing Lines
35:07 Imperial Age
33:32 Caravan
33:51 Heavy Plow
37:11 Chemistry
36:43 Fortified Wall
36:15 Treadmill Crane
36:41 Scale Barding Armor
37:04 Murder Holes
37:20 Masonry
37:31 Ballistics
37:07 Light Cavalry
39:11 Conscription
39:39 Crop Rotation
40:09 Chain Barding Armor
39:41 Fletching
39:55 Gold Mining
40:01 Gillnets
40:32 Manipur Cavalry
41:27 Bloodlines
41:37 Hussar
Ali
11:32 Feudal Age
12:17 Double-Bit Axe
21:48 Castle Age
19:50 Stone Mining
19:26 Man-at-Arms
20:34 Gold Mining
21:12 Horse Collar
21:23 Fishing Lines
22:02 Long Swordsman
23:13 Bow Saw
25:00 Gold Shaft Mining
26:29 Forging
28:54 Heavy Plow
29:16 Squires
29:02 Arson
35:36 Imperial Age
33:35 Scale Mail Armor
33:50 Pikeman
35:00 Ballistics
36:25 Iron Casting
36:06 Chain Mail Armor
36:10 Caravan
36:40 Coinage
37:01 Wheelbarrow
37:09 Guilds
37:44 Crop Rotation
38:37 Chemistry
38:18 Conscription
38:28 Two-Handed Swordsman
40:19 Hand Cart
40:34 Champion
40:38 Elite Gbeto
42:21 Fletching
Connection lost

Rejoining the realm…

Still unreachable

The connection could not be restored.

Session expired

The server has moved on; the page needs a fresh start.